 Dungeon Crawl Stone Soup version 0.23-b1-58-ge3fafae (webtiles) character file.

Game seed: 885643354280422752

25 redwoodhats the Vexing (level 2, 0/21 HPs)
             Began as a Vampire Arcane Marksman on Feb 4, 2019.
             Succumbed to an adder's poison
             ... on level 2 of the Dungeon.
             The game lasted 00:05:07 (559 turns).

redwoodhats the Vexing (Vampire Arcane Marksman)     Turns: 559, Time: 00:05:08

Health: 0/21       AC:  2    Str:  9    XL:     2   Next: 86%
Magic:  4/4        EV: 13    Int: 15    God:
Gold:   4          SH:  0    Dex: 14    Spells: 2/3 levels left

rFire    . . .     SeeInvis +   i - -1 short sword (curse)
rCold    . . .     Gourm    .   (no shield)
rNeg     + . .     Faith    .   f - +0 robe
rPois    .         Spirit   .   (no helmet)
rElec    .         Reflect  .   (no cloak)
rCorr    .         Harm     .   (no gloves)
MR       .....                  (no boots)
Stlth    +.........             (no amulet)
HPRegen  0.07/turn              (no ring)
MPRegen  0.09/turn              (no ring)

@: lethally poisoned (0 -> -8)
A: rotting body, fangs 3, see invisible, unbreathing
a: no special abilities


You were on level 2 of the Dungeon.
You were not thirsty.

You visited 1 branch of the dungeon, and saw 2 of its levels.

You collected 4 gold pieces.

Inventory:

Hand Weapons
 a - a +0 shortbow
 c - a +0 short sword
 h - a +0 hunting sling
 i - a cursed -1 short sword (weapon)
Missiles
 d - 65 arrows
Armour
 f - a +0 robe (worn)
Potions
 e - a potion of blood
 g - 2 potions of heal wounds


   Skills:
 + Level 1.1 Fighting
 + Level 1.9 Bows
 + Level 2.4 Dodging
 + Level 1.3 Spellcasting
 + Level 5.1 Hexes


You had 2 spell levels left.
You knew the following spells:

 Your Spells              Type           Power        Failure   Level  Hunger
a - Corona                Hex            ###....      2%          1    ##.....

Your spell library contained the following spells:

 Spells                   Type           Power        Failure   Level  Hunger
 Slow                     Hex            ###.....     4%          2    ###....
 Inner Flame              Hex/Fire       #.......     24%         3    ####...
 Portal Projectile        Hex/Tloc       #.....       24%         3    ####...
 Cause Fear               Hex            ###.......   28%         4    #####..
 Leda's Liquefaction      Hex/Erth       #.........   63%         4    #####..


Dungeon Overview and Level Annotations

Branches:
Dungeon (2/15)

Altars:
Qazlal


Innate Abilities, Weirdness & Mutations

Your body is rotting away.
You thrive on raw meat.
You have razor-sharp teeth.
You have supernaturally acute eyesight. (SInv)
You can survive without breathing.


Message History

You hit the adder but do no damage. The adder bites you. x2
You are poisoned.
The adder poisons you!
You barely miss the adder.
You feel sick. The adder bites you.
* * * LOW HITPOINT WARNING * * *
You closely miss the adder.
* * * LOW HITPOINT WARNING * * *
You feel sick. The adder misses you. The adder bites you.
* * * LOW HITPOINT WARNING * * *
You are more poisoned.
The adder poisons you!
You completely miss the adder.
* * * LOW HITPOINT WARNING * * *
You feel sick. The adder closely misses you.
You closely miss the adder. The adder misses you. The adder closely misses you.
You miss the adder. Your bite misses the adder.
* * * LOW HITPOINT WARNING * * *
You feel sick. The adder misses you.
You closely miss the adder.
You die...

######### ##.# #........
...# #.####### #..#
.......# #.>### #.####.#
#....# #.# #.# #.##[#
#.####.## #.##<#######
#.......# ###...@S......
######..###...##.###....
#..##..†..#.# #
#..##......#.
######..##.....#.##
........###...##.#
#######.# ##.###.# #.#
#...#.# ##.## ###†#.#


You could see an adder.

Vanquished Creatures
  A worm (D:2)
  A dart slug (D:2)
  2 leopard geckos (D:2)
  A bat (D:1)
  A giant cockroach (D:2)
  A hobgoblin (D:2)
  3 jackals (D:2)
  2 ball pythons
  A frilled lizard (D:2)
  2 goblins (D:2)
  A kobold (D:2)
  2 rats
18 creatures vanquished.

Notes
Turn   | Place    | Note
-------+----------+-------------------------------------------
     0 | D:1      | redwoodhats the Vampire Arcane Marksman began the quest for
                  | the Orb.
     0 | D:1      | Reached XP level 1. HP: 14/14 MP: 2/2
    54 | D:1      | You fall through a shaft!
    68 | D:2      | Reached XP level 2. HP: 9/20 MP: 1/3
   138 | D:2      | Reached skill level 1 in Fighting
   169 | D:2      | Found a stormy altar of Qazlal.
   178 | D:2      | Reached skill level 5 in Hexes
   334 | D:2      | HP: 1/21 [worm (6)]
   558 | D:2      | HP: 1/21 [poisoned by an adder]
   559 | D:2      | Succumbed to an adder's poison

Skill      XL: |  1  2 |
---------------+-------+-----
Fighting       | 1 |  1.1
Hexes          | 5 |  5.1
Bows           | |  1.9
Dodging        | |  2.4
Spellcasting   | |  1.3

Action                   || total
-------------------------++-------
Melee: Short sword       ||    41
       Bite              ||     4
 Fire: Shortbow          ||    32
 Cast: Corona            ||     8
  Use: Scroll            ||     1
       Potion            ||     1
Armor: Robe              ||     7
Dodge: Dodged            ||    41
